 Dungeon Crawl Stone Soup version bcrawl-1.19.1 (webtiles) character file.

Game seed: 14709066652547795387

2055 Mrkan the Fighter (level 9, -16/83 HPs)
             Began as a Hill Orc Berserker on Dec 6, 2019.
             Was an Elder of Trog.
             Demolished by an ogre
             ... wielding a +0 giant club
              (25 damage)
             ... on level 7 of the Dungeon.
             The game lasted 00:15:59 (8398 turns).

Mrkan the Fighter (Hill Orc Berserker)              Turns: 8398, Time: 00:16:00

Health: -16/83     AC: 11    Str: 23    XL:     9   Next: 25%
Magic:  9/9        EV:  8    Int:  9    God:    Trog [****..]
Gold:   582        SH:  4    Dex: 10    Spells: 8/8 levels left

rFire    . . .     SeeInvis +   t - +0 war axe
rCold    . . .     Gourm    .   d - +0 buckler
rNeg     . . .     Faith    +   p - +0 chain mail
rPois    .         Spirit   .   g - +0 helmet
rElec    .         Reflect  .   (no cloak)
rCorr    .         Harm     .   (no gloves)
MR       .....                  (no boots)
Stlth    ..........             i - amulet of faith
HPRegen  0.23/turn              o - ring of see invisible
MPRegen  0.11/turn              v - +2 ring of intelligence

@: no status effects
A: no striking features
a: Berserk, Trog's Hand, Brothers in Arms, Renounce Religion


You were on level 7 of the Dungeon.
You worshipped Trog.
Trog was greatly pleased with you.
You were not hungry.

You visited 1 branch of the dungeon, and saw 7 of its levels.

You collected 582 gold pieces.

Inventory:

Hand Weapons
 t - a +0 war axe (weapon)
Armour
 d - a +0 buckler (worn)
 g - a +0 helmet (worn)
 p - a +0 chain mail (worn)
Jewellery
 i - an amulet of faith (around neck)
 o - a ring of see invisible (left hand)
 v - a +2 ring of intelligence (right hand)
Wands
 m - a wand of digging (4)
 u - a wand of flame (31)
Scrolls
 a - a scroll of magic mapping {unknown}
 h - a scroll of enchant weapon
 j - 2 scrolls of teleportation
 k - 2 scrolls of amnesia
 n - 3 scrolls of identify
 q - a scroll of immolation {unknown}
 r - a scroll of enchant armour {unknown}
 s - 4 scrolls of remove curse {unknown}
Potions
 b - 2 potions of flight
 e - a potion of curing
 f - a potion of heal wounds
 l - 2 potions of berserk rage {unknown}
Comestibles
 c - 11 rations {!d}
 w - 8 chunks of flesh


   Skills:
 * Level 9.1 Fighting
   Level 9.1 Short Blades
   Level 9.1 Long Blades
   Level 9.1 Axes
   Level 9.1 Maces & Flails
   Level 9.1 Polearms
   Level 9.1 Staves
 + Level 7.2 Armour
 - Level 1.5 Dodging
 + Level 4.7 Shields
   Level 9.1 Unarmed Combat


You had 8 spell levels left.
You didn't know any spells.
Your spell library was empty.

Dungeon Overview and Level Annotations

Branches:
Dungeon (7/12)             Temple (0/1) D:5
   Lair: D:7-9

Altars:
Ashenzari
Dithmenos
Fedhas
Gozag
Hepliaklqana
Makhleb
Ru
Trog
Xom

Shops:
D:4 (


Message History

Trog accepts your kill.
You hit the ogre.
The ogre is lightly wounded.
The ogre hits you with a +0 giant club!
* * * LOW HITPOINT WARNING * * *
You hit the ogre.
The ogre is lightly wounded.
You block the ogre's attack.
You slash the ogre!
The ogre is heavily wounded.
You block the ogre's attack.
You hit the ogre.
The ogre is heavily wounded.
The ogre closely misses you.
You slash the ogre!
The ogre is severely wounded.
You barely miss the ogre.
The ogre is severely wounded.
The ogre hits you with a +0 giant club!!
You die...

... .. ..... .. #.#.# .# #.#
..###.#.# ##.# #.# ........
...####.# #.#.... ....
.....##.# #.#.#.# #...##
#..#.##.# #.#.#@# ..... .#
#.##.##.# #.#.#O# #...# ..#
..##.##.####.#.#.# #...###
##..# ..[.)...)..).#.#.#
#...##.#( ..#
###.[)##.###...#.####...#
#.###.# #..)...#
#...)...)....###...#.#
#...##.###...#.####).###..#O...
.....###.......#.#
#......###... ####.#
##...#..#.## ##....## ##..


You could see an ogre.

Vanquished Creatures
  Menkaure (D:5)
  A sky beast (D:3)
  2 ice beasts (D:5)
  An orc warrior (D:7)
  2 centaurs (D:5)
  2 ogres
  A bullfrog (D:6)
  A big kobold (D:5)
  A wyvern zombie (D:7)
  4 scorpions (D:4)
  A centaur zombie (D:6)
  2 crimson imps
  A quasit (D:5)
  3 hounds (D:5)
  3 orc priests
  2 iguanas (D:6)
  5 orc wizards
  Natasha (thrice) (D:3)
  2 worker ants
  4 gnolls (D:3)
  A howler monkey zombie (D:5)
  9 adders
  An ooze (D:3)
  5 worms
  2 dart slugs
  6 leopard geckos
  22 orcs
  3 giant cockroaches
  A goblin (D:1)
  6 hobgoblins
  6 jackals
  2 quokkas
  A ball python (D:2)
  10 bats
  2 frilled lizards (D:1)
  14 kobolds
  4 rats
  2 fungi (D:4)
139 creatures vanquished.

Vanquished Creatures (others)
  A fungus (D:4)
  4 toadstools (D:4)
5 creatures vanquished.

Grand Total: 144 creatures vanquished

Notes
Turn   | Place    | Note
-------+----------+-------------------------------------------
     0 | D:1      | Mrkan the Hill Orc Berserker began the quest for the Orb.
     0 | D:1      | Reached XP level 1. HP: 22/22 MP: 1/1
    22 | D:1      | Reached skill level 5 in Fighting
   180 | D:1      | Reached XP level 2. HP: 23/29 MP: 2/2
   701 | D:1      | Reached XP level 3. HP: 32/36 MP: 3/3
  1129 | D:1      | Reached ** piety under Trog
  1129 | D:1      | Reached skill level 1 in Shields
  1277 | D:2      | Found a hazy altar of Hepliaklqana.
  1281 | D:2      | Found a sacrificial altar of Ru.
  1281 | D:2      | Found a burning altar of Makhleb.
  1282 | D:2      | Found a shimmering altar of Xom.
  1282 | D:2      | Found a blossoming altar of Fedhas.
  1282 | D:2      | Found a bloodstained altar of Trog.
  1858 | D:2      | Found an opulent altar of Gozag.
  1894 | D:2      | Reached XP level 4. HP: 34/44 MP: 4/4
  2407 | D:3      | Reached XP level 5. HP: 13/50 MP: 5/5
  2443 | D:3      | Reached skill level 6 in Fighting
  3224 | D:3      | Noticed Natasha
  3257 | D:3      | Killed Natasha
  3257 | D:3      | Reached XP level 6. HP: 30/57 MP: 6/6
  3328 | D:3      | Reached *** piety under Trog
  3579 | D:3      | Found a sacrificial altar of Ru.
  3743 | D:3      | Noticed a sky beast
  3769 | D:3      | Killed a sky beast
  4025 | D:3      | Reached XP level 7. HP: 38/64 MP: 7/7
  4208 | D:3      | Noticed Natasha
  4222 | D:3      | Killed Natasha
  4227 | D:3      | Noticed Natasha
  4236 | D:3      | Killed Natasha
  4466 | D:4      | Found Imaeqipn's Antique Weapon Shop.
  4874 | D:4      | Reached skill level 7 in Fighting
  5341 | D:4      | Reached skill level 5 in Armour
  5619 | D:5      | Entered Level 5 of the Dungeon
  5637 | D:5      | Reached XP level 8. HP: 73/73 MP: 8/8
  5883 | D:5      | Noticed Menkaure
  5894 | D:5      | Killed Menkaure
  5894 | D:5      | Reached skill level 8 in Fighting
  6606 | D:5      | Reached **** piety under Trog
  6618 | D:5      | Found a staircase to the Ecumenical Temple.
  7062 | D:5      | Found a shattered altar of Ashenzari.
  7062 | D:5      | Found a shadowy altar of Dithmenos.
  7580 | D:6      | Reached XP level 9. HP: 74/82 MP: 9/9
  7591 | D:6      | Found a sacrificial altar of Ru.
  8280 | D:7      | Reached skill level 9 in Fighting
  8398 | D:7      | Demolished by an ogre

Skill      XL: |  1  2  3  4  5  6  7  8  9 |
---------------+----------------------------+-----
Fighting       | 5 6 7 8 9 |  9.1
Shields        | 1 2 3 4 |  4.7
Armour         | 3 4 5 6 7 |  7.2
Short Blades   | |  9.1
Long Blades    | |  9.1
Axes           | |  9.1
Maces & Flails | |  9.1
Polearms       | |  9.1
Staves         | |  9.1
Dodging        | |  1.5
Unarmed Combat | |  9.1

Action                   |  1- 3 |  4- 6 |  7- 9 || total
-------------------------+-------+-------+-------++-------
Melee: Hand axe          |   129 |   262 |   226 ||   617
       War axe           |       |       |    93 ||    93
  Use: Potion            |       |     4 |     1 ||     5
       Scroll            |       |       |     8 ||     8
 Stab: Held in net/web   |       |       |     2 ||     2
  Eat: Chunk             |     3 |     7 |    14 ||    24
Armor: Animal skin       |    31 |       |       ||    31
       Ring mail         |    11 |    69 |       ||    80
       Chain mail        |       |    35 |   144 ||   179
Dodge: Dodged            |    79 |   139 |    86 ||   304
Block: Buckler           |    21 |    52 |    61 ||   134
